 Dungeon Crawl Stone Soup version 0.17.0-57-g0e89251 (webtiles) character file.

4617 JokEr the Severer (level 10, -13/115 HPs)
             Began as a Minotaur Berserker on Dec 7, 2015.
             Was a High Priest of Trog.
             Mangled by a komodo dragon (16 damage)
             ... on level 1 of the Lair of Beasts.
             The game lasted 00:27:59 (9828 turns).

JokEr the Severer (Minotaur Berserker)              Turns: 9828, Time: 00:27:59

Health: -13/115    AC:  9    Str: 31    XL:     10   Next: 19%
Magic:  0/9        EV: 11    Int:  4    God:    Trog [*****.]
Gold:   369        SH:  0    Dex:  9    Spells: 0 memorised, 9 levels left

rFire  + . .     SeeInvis .     A - +0 battleaxe
rCold  . . .     Clarity  .     p - +2 scale mail {rF+}
rNeg   . . .     SustAt   .     (shield currently unavailable)
rPois  .         Gourm    .     (helmet restricted)
rElec  .         Spirit   +     (no cloak)
rCorr  .         Warding  .     (no gloves)
rMut   .         Stasis   .     k - +0 pair of boots
MR     +....                    t - amulet of guardian spirit
Stlth  ..........               (no ring)
                                z - ring of protection from magic

@: berserking, very quick, somewhat resistant to hostile enchantments, extremely
unstealthy
A: retaliatory headbutt, horns 2
a: Berserk, Trog's Hand, Brothers in Arms, Burn Spellbooks, Renounce Religion


You were on level 1 of the Lair of Beasts.
You worshipped Trog.
Trog was extremely pleased with you.
You were very full.

You visited 2 branches of the dungeon, and saw 9 of its levels.

You collected 465 gold pieces.
You spent 96 gold pieces at shops.

Inventory:

Hand Weapons
 a - a +0 hand axe
 q - a cursed +0 flail
 A - a +0 battleaxe (weapon)
Armour
 b - a +0 animal skin
 k - a +0 pair of boots (worn)
 p - a +2 scale mail of fire resistance (worn)
 G - a +4 ring mail of poison resistance
Jewellery
 t - an amulet of guardian spirit (around neck)
 y - an uncursed amulet of warding
 z - a ring of protection from magic (left hand)
Wands
 u - a wand of fire (11)
 B - a wand of flame (33)
 F - a wand of magic darts (21)
Scrolls
 d - 4 scrolls of remove curse
 e - a scroll of recharging
 s - a scroll of blinking
Potions
 f - a potion of invisibility
 g - 2 potions of heal wounds
 h - a potion of cancellation
 i - 3 potions of brilliance
 l - a potion of ambrosia
 m - a potion of berserk rage {unknown}
 n - 4 potions of curing
 w - a potion of resistance
 E - a potion of magic {unknown}
Comestibles
 o - a bread ration
 r - 3 fruits
 v - a slice of pizza
 x - a beef jerky


   Skills:
 - Level 3.6 Fighting
 + Level 16.8 Axes
 - Level 2.4 Armour
 - Level 2.1 Dodging


You had 9 spell levels left.
You didn't know any spells.

Dungeon Overview and Level Annotations

Branches:
Dungeon (8/15)             Temple (0/1) D:5            Lair (1/8) D:8

Altars:
Ashenzari
Elyvilon
Sif Muna

Shops:
D:4 ?   D:8 (


Innate Abilities, Weirdness & Mutations

You reflexively headbutt those who attack you in melee.
You have a pair of horns on your head.


Message History

The komodo dragon is almost dead.
You hit the komodo dragon. Your headbutt misses the komodo dragon.
The komodo dragon is almost dead.
The komodo dragon bites you!!
You barely miss the komodo dragon.
The komodo dragon is almost dead.
The komodo dragon bites you!
You hit the komodo dragon.
You headbutt the komodo dragon, but do no damage.
The komodo dragon is almost dead.
The komodo dragon bites you!!
* * * LOW HITPOINT WARNING * * *
A red film seems to cover your vision as you go berserk!
You feel yourself moving faster!
You feel mighty!
You feel somewhat less full. The komodo dragon bites you!
* * * LOW HITPOINT WARNING * * *
You barely miss the komodo dragon. Your headbutt misses the komodo dragon.
The komodo dragon is almost dead.
The komodo dragon bites you!
You die...

##.................
#.....>............
##.#.###.##........
#..#.P####........
#.+.....##........
#.##.(...#....รท<..
#.''....++........
#.##....##........
#@##....##........
#l.#..####........
#.#.#+# #.........
...... ..........
#...... ..........
#........ .... ....
#........


You could see a komodo dragon.

Vanquished Creatures
  A hungry ghost (D:8)
  7 yaks
  2 hippogriffs
  Duvessa (D:7)
  A black bear (D:8)
  3 orc warriors
  A water moccasin (D:7)
  An ice beast (D:6)
  A sky beast (D:8)
  5 centaurs
  A phantom (D:6)
  5 ogres
  Blork the orc (D:5)
  5 giant frogs
  A big kobold (D:8)
  Dowan (D:7)
  5 crimson imps
  A giant frog zombie (D:5)
  4 orc priests
  5 worker ants
  Ijyb (D:2)
  3 hounds
  A jelly (D:5)
  6 orc wizards
  A hound zombie (D:7)
  7 gnolls
  8 adders
  A river rat (D:8)
  5 shadow imps
  An adder zombie (D:5)
  2 worms
  23 orcs
  3 ball pythons
  11 bats
  9 giant cockroaches
  8 hobgoblins
  15 jackals
  12 kobolds
  7 quokkas
  A giant gecko (D:1)
  A giant gecko zombie (D:5)
  5 giant newts
  13 goblins
  A quokka skeleton (D:7)
  11 rats
  5 fungi (D:8)
213 creatures vanquished.

Vanquished Creatures (others)
  A quokka (D:5)
  9 fungi (D:8)
10 creatures vanquished.

Grand Total: 223 creatures vanquished

Notes
Turn   | Place    | Note
--------------------------------------------------------------
     0 | D:1      | JokEr the Minotaur Berserker began the quest for the Orb.
     0 | D:1      | Reached XP level 1. HP: 19/19 MP: 0/0
   201 | D:1      | Reached skill level 4 in Axes
   390 | D:1      | Reached XP level 2. HP: 24/26 MP: 1/1
   940 | D:2      | Noticed Ijyb
   944 | D:2      | Killed Ijyb
   944 | D:2      | Reached skill level 5 in Axes
   944 | D:2      | Reached XP level 3. HP: 31/31 MP: 2/2
  1198 | D:2      | Reached ** piety under Trog
  1205 | D:2      | Reached XP level 4. HP: 35/39 MP: 3/3
  1468 | D:2      | Reached skill level 6 in Axes
  1969 | D:3      | Reached skill level 7 in Axes
  1969 | D:3      | Reached XP level 5. HP: 23/45 MP: 4/4
  2274 | D:3      | Reached *** piety under Trog
  2923 | D:4      | Reached skill level 8 in Axes
  2923 | D:4      | Reached XP level 6. HP: 36/51 MP: 5/5
  3115 | D:4      | Found Zeni's Magic Scroll Boutique.
  3120 | D:4      | Bought a scroll of identify for 24 gold pieces
  3120 | D:4      | Bought a scroll of identify for 24 gold pieces
  3120 | D:4      | Bought a scroll of identify for 24 gold pieces
  3120 | D:4      | Bought a scroll of identify for 24 gold pieces
  3393 | D:4      | Found a shattered altar of Ashenzari.
  3397 | D:4      | Saw a vision of the Swamp and the Snake Pit.
  3397 | D:4      | Noticed a swamp drake
  3397 | D:4      | Noticed a naga mage
  3397 | D:4      | Noticed a water moccasin
  3397 | D:4      | Noticed a mana viper
  3397 | D:4      | Noticed a water moccasin
  3397 | D:4      | Noticed an alligator
  3397 | D:4      | Noticed an alligator
  3397 | D:4      | Noticed a naga
  3397 | D:4      | Noticed a black mamba
  3397 | D:4      | Noticed a naga
  3398 | D:4      | Noticed a salamander
  3398 | D:4      | Noticed a salamander
  3706 | D:5      | Entered Level 5 of the Dungeon
  3714 | D:5      | Found a staircase to the Ecumenical Temple.
  3847 | D:5      | Reached skill level 9 in Axes
  4179 | D:5      | Reached XP level 7. HP: 38/57 MP: 4/6
  4458 | D:5      | Reached skill level 10 in Axes
  4645 | D:5      | Found a deep blue altar of Sif Muna.
  4690 | D:5      | Noticed Blork the orc
  4707 | D:5      | Killed Blork the orc
  5099 | D:5      | Found a white marble altar of Elyvilon.
  5244 | D:6      | Reached **** piety under Trog
  5477 | D:6      | Reached skill level 11 in Axes
  5806 | D:6      | Reached XP level 8. HP: 64/64 MP: 7/7
  6038 | D:6      | Reached skill level 12 in Axes
  6406 | D:7      | Reached skill level 13 in Axes
  6520 | D:7      | Reached XP level 9. HP: 68/70 MP: 8/8
  6563 | D:7      | Reached skill level 14 in Axes
  7335 | D:7      | Noticed Dowan
  7336 | D:7      | Noticed Duvessa
  7347 | D:7      | Killed Duvessa
  7348 | D:7      | Killed Dowan
  7539 | D:8      | Found a staircase to the Lair.
  7564 | D:8      | Reached skill level 15 in Axes
  7801 | D:8      | Reached ***** piety under Trog
  7807 | D:8      | Reached skill level 16 in Axes
  8705 | D:8      | Found Bauchowa's Weapon Shoppe.
  8860 | D:8      | Reached XP level 10. HP: 77/77 MP: 9/9
  9480 | Lair:1   | Entered Level 1 of the Lair of Beasts
  9827 | Lair:1   | HP: 3/115 [komodo dragon (7)]
  9828 | Lair:1   | Mangled by a komodo dragon

Action                   |  1- 3 |  4- 6 |  7- 9 | 10-12 || total
-------------------------+-------+-------+-------+-------++-------
Melee: Hand axe          |    63 |   182 |    32 |       ||   277
       Battleaxe         |       |       |   217 |    36 ||   253
Invok: Berserk           |       |     4 |     5 |     1 ||    10
       Burn Spellbooks   |       |       |     1 |       ||     1
  Use: Scroll            |     2 |    12 |     8 |       ||    22
  Eat: Bread ration      |     1 |     3 |     3 |       ||     7
       Chunk             |     1 |       |     2 |       ||     3
       Meat ration       |       |       |       |     2 ||     2
       Royal jelly       |       |       |       |     1 ||     1
